 Dungeon Crawl Stone Soup version 0.20-a0-151-g755e310 (webtiles) character file.

83 FitzyFitz the Chiller (level 4, 0/45 HPs)
             Began as a Merfolk Ice Elementalist on Nov 23, 2016.
             Succumbed to Robin's poison
             ... on level 1 of the Dungeon.
             The game lasted 00:04:37 (1738 turns).

FitzyFitz the Chiller (Merfolk Ice Elementalist)    Turns: 1738, Time: 00:04:38

Health: 0/45       AC: 27    Str: 13    XL:     4   Next: 44%
Magic:  6/7        EV:  2    Int: 15    God:
Gold:   57         SH:  0    Dex: 14    Spells: 3/7 levels left

rFire  . . .     SeeInvis .     k - +0 hand axe (chop)
rCold  . . .     Gourm    .     (armour currently unavailable)
rNeg   + + +     Faith    .     (no shield)
rPois  +         Spirit   .     (helmet currently unavailable)
rElec  .         Reflect  .     (cloak currently unavailable)
rCorr  .         Harm     .     (gloves currently unavailable)
MR     .....     NoTele   +     (boots currently unavailable)
Stlth  +++.......               (no amulet)
                                m - +3 ring of slaying
                                h - ring of stealth

@: mighty, lethally poisoned (0 -> -22), icy armour, tree-form, slow
A: (change form in water), (swift swim), (stealthy swim)
a: no special abilities


You were on level 1 of the Dungeon.
You were not hungry.
You were a tree.
You visited 1 branch of the dungeon, and saw 2 of its levels.

You collected 57 gold pieces.

Inventory:

Hand Weapons
 k - a +0 hand axe of chopping (weapon)
 q - a +3 club
Missiles
 l - 15 sling bullets
 n - 89 stones (quivered)
Armour
 a - a +0 robe (melded)
 r - a +2 ring mail of magic resistance
Jewellery
 h - a ring of stealth (left branch)
 m - a +3 ring of slaying (right branch)
Scrolls
 d - a scroll of identify
 f - 4 scrolls of amnesia
 j - 2 scrolls of remove curse
 s - 2 scrolls of blinking
Books
 b - a book of Frost

   Spells                             Type                      Level
   a - Freeze                         Ice                          1
   b - Throw Frost                    Conjuration/Ice              2
   c - Ozocubu's Armour               Charms/Ice                   3
   d - Throw Icicle                   Conjuration/Ice              4
   e - Summon Ice Beast               Ice/Summoning                4
Comestibles
 c - a bread ration
 g - a beef jerky
 i - 5 chunks of flesh
 p - a meat ration


   Skills:
 + Level 3.5 Dodging
 - Level 2.1 Stealth
 - Level 2.0 Spellcasting
   Level 0.7 Conjurations
 + Level 0.2 Charms
 + Level 5.2 Ice Magic


You had 3 spell levels left.
You knew the following spells:

 Your Spells              Type           Power        Failure   Level  Hunger
a - Freeze                Ice            ###.         2%          1    #......
b - Ozocubu's Armour      Chrm/Ice       #.......     24%         3    ###....


Dungeon Overview and Level Annotations

Branches:
Dungeon (2/15)

Altars:

Annotations:
D:2 Robin


Message History

You feel very sick.
It was a potion of might.
You feel very mighty all of a sudden.
* * * LOW HITPOINT WARNING * * *
You feel very sick.
As you read the scroll labeled DUHIYCABLO, it crumbles to dust.
It is a scroll of identify.
f - 4 scrolls of amnesia
* * * LOW HITPOINT WARNING * * *
You feel sick.
As you read the scroll of identify, it crumbles to dust.
j - 2 scrolls of remove curse
* * * LOW HITPOINT WARNING * * *
You feel sick.
As you read the scroll of identify, it crumbles to dust.
s - 2 scrolls of blinking
* * * LOW HITPOINT WARNING * * *
You feel sick.
You aren't carrying any potions.
You die...

##.## #.# #.### #.#####.#.# #.
##.####.# #...# #.# #.#[# #.
........# #.#.# #.# #.#.###.
##+###### #.#.###.# #.†.....
#...## #.......# ###.#### .....##
#####.##### ###.# # ......##
##.....)..# ##.#.# ##
.......####...##.##.#####....###.
.......'........♣..............'.
.......####...##.##.#####....###.
......## ##.....##.# ##.#.# ##
.....## #..#####.# ####.# #
#...## #..#####.# #....# ##'##
#........# #.#### #.# ##.#######
#.# #.# #.# #.###### ##.## #.#
#.#....#


There were no monsters in sight!

Vanquished Creatures
  Ijyb (D:2)
  An adder (D:2)
  4 dart slugs
  A leopard gecko (D:1)
  A giant cockroach (D:1)
  10 goblins
  9 hobgoblins
  3 kobolds (D:1)
  2 bats (D:1)
  3 frilled lizards (D:1)
  2 rats
37 creatures vanquished.

Notes
Turn   | Place    | Note
-------+----------+-------------------------------------------
     0 | D:1      | FitzyFitz the Merfolk Ice Elementalist began the quest for the Orb.
     0 | D:1      | Reached XP level 1. HP: 13/13 MP: 3/3
   303 | D:1      | Reached XP level 2. HP: 13/19 MP: 1/5
   442 | D:1      | Reached skill level 4 in Ice Magic
   807 | D:1      | Reached XP level 3. HP: 22/24 MP: 6/6
  1396 | D:2      | Noticed Ijyb
  1407 | D:2      | Killed Ijyb
  1407 | D:2      | Reached skill level 5 in Ice Magic
  1407 | D:2      | Reached XP level 4. HP: 18/30 MP: 1/7
  1623 | D:2      | Learned a level 3 spell: Ozocubu's Armour
  1631 | D:2      | Noticed Robin
  1737 | D:1      | HP: 2/45 [poisoned by Robin]
  1738 | D:1      | Succumbed to Robin's poison

Vault maps used:
D:1:      ncdulo_lavacross
D:2:      elyvilon_altar_5, uniq_iyjb, uniq_robin, uniq_sigmund

Skill      XL: |  1  2  3 |
---------------+----------+-----
Ice Magic      | 4 5 |  5.2
Dodging        | 3 |  3.5
Stealth        | |  2.1
Spellcasting   | |  2.0
Conjurations   | |  0.7
Charms         | |  0.2

Action                   |  1- 3 |  4- 6 || total
-------------------------+-------+-------++-------
Melee: Dagger            |    10 |       ||    10
       Unarmed           |     2 |       ||     2
       Hand axe          |    30 |    22 ||    52
 Cast: Freeze            |    16 |     1 ||    17
       Ozocubu's Armour  |       |     1 ||     1
  Use: Scroll            |       |     3 ||     3
       Potion            |       |     2 ||     2
 Stab: Sleeping          |     8 |       ||     8
  Eat: Chunk             |     2 |     1 ||     3
Armor: Robe              |     4 |     8 ||    12
Dodge: Dodged            |    26 |    21 ||    47
